[ PARTIDA AOE2 · #507022285 ]
UnrankedTeutones vs Khmer
Equipo del jugador · DERR
Equipo rival · VICT
[ ANÁLISIS DE REPETICIÓN · EXTRAÍDO DE LA PARTIDA GRABADA ]
Feudal
9:29
Castillos
27:01
Imperial
42:41
| APM promedio | 37.7 |
| APM pico | 103 |
| eAPM promedio | 24.8 |
| Aldeanos / militares | 284 / 199 |
Foco
⚔️ 36.2% · 🌾 63.8%
Spearman ×137 · Monk ×24 · Archer ×14 · Trebuchet (Packed) ×9 · Bombard Cannon ×8 · Knight ×3
Feudal
8:13
Castillos
22:17
Imperial
40:42
| APM promedio | 38.1 |
| APM pico | 81 |
| eAPM promedio | 21.1 |
| Aldeanos / militares | 204 / 342 |
Foco
⚔️ 29.6% · 🌾 70.4%
Scout Cavalry ×167 · Spearman ×68 · Ballista Elephant ×60 · Scorpion ×14 · Battering Ram ×10 · Trebuchet (Packed) ×10
Mapa de la partida
Recursos iniciales + cada clic de construcción. Líneas = muros · curvas = relieve. ◆ oro · ⬟ piedra · ● bayas · ✦ reliquia · ◌ hueco del cierre
Tu base· ✓ Cerrada en 27:01 · 13t muro · 2 puerta(s)
Base de freddy7380· ✓ Cerrada en 22:17 · 15t muro · 4 puerta(s)
Terreno inicial suavizado · ◌ = hueco del cierre detectado · pasá el cursor para detalles
Inputs por minuto
— moneymickey - - freddy7380
Build order — moneymickey
Primeras 150 de 782 acciones detectadas
| 0:01 | Encolar | Villager (Male) |
| 0:02 | Encolar | Villager (Male) |
| 0:03 | Construir | House |
| 0:05 | Construir | House |
| 0:14 | Encolar | Villager (Male) |
| 0:14 | Encolar | Villager (Male) |
| 0:14 | Encolar | Villager (Male) |
| 1:31 | Encolar | Villager (Male) |
| 1:47 | Construir | Lumber Camp |
| 1:54 | Encolar | Villager (Male) |
| 2:17 | Encolar | Villager (Male) |
| 2:52 | Encolar | Villager (Male) |
| 3:09 | Encolar | Villager (Male) |
| 3:39 | Encolar | Villager (Male) |
| 3:54 | Construir | House |
| 3:55 | Construir | House |
| 4:19 | Encolar | Villager (Male) |
| 4:20 | Encolar | Villager (Male) |
| 4:52 | Construir | Mill |
| 5:03 | Encolar | Villager (Male) |
| 5:17 | Encolar | Villager (Male) |
| 5:44 | Encolar | Villager (Male) |
| 5:44 | Encolar | Villager (Male) |
| 6:25 | Investigar | Loom |
| 7:01 | Construir | Mining Camp |
| 7:19 | Investigar | Feudal Age |
| 8:13 | Encolar | Villager (Male) |
| 8:23 | Encolar | Villager (Male) |
| 8:33 | Construir | Barracks |
| 9:29 | Edad | Edad Feudal |
| 9:36 | Construir | Watch Tower |
| 9:42 | Investigar | Town Watch |
| 9:42 | Encolar | Villager (Male) |
| 9:44 | Encolar | Villager (Male) |
| 9:55 | Encolar | Spearman |
| 10:03 | Construir | Stone Wall |
| 10:04 | Construir | Stone Wall |
| 10:07 | Encolar | Spearman |
| 10:14 | Construir | Watch Tower |
| 10:28 | Encolar | Spearman |
| 10:34 | Construir | Stone Wall |
| 10:54 | Encolar | Spearman |
| 11:37 | Encolar | Villager (Male) |
| 11:50 | Construir | House |
| 12:00 | Encolar | Villager (Male) |
| 12:34 | Construir | Farm |
| 12:35 | Construir | Farm |
| 12:36 | Construir | Farm |
| 12:37 | Construir | Farm |
| 12:45 | Construir | Farm |
| 12:46 | Construir | Farm |
| 12:48 | Construir | Farm |
| 12:54 | Construir | Mining Camp |
| 13:32 | Encolar | Villager (Male) |
| 14:04 | Construir | Farm |
| 14:14 | Construir | Archery Range |
| 14:18 | Encolar | Spearman |
| 14:24 | Construir | Palisade Wall |
| 14:26 | Construir | Palisade Wall |
| 14:28 | Construir | Palisade Wall |
| 14:30 | Construir | Palisade Wall |
| 14:37 | Encolar | Villager (Male) |
| 14:56 | Encolar | Archer |
| 14:56 | Encolar | Archer |
| 14:57 | Encolar | Archer |
| 15:03 | Encolar | Villager (Male) |
| 15:20 | Encolar | Villager (Male) |
| 15:31 | Encolar | Archer |
| 15:46 | Construir | Farm |
| 15:51 | Construir | House |
| 15:52 | Encolar | Villager (Male) |
| 15:57 | Encolar | Archer |
| 16:02 | Construir | Palisade Wall |
| 16:04 | Encolar | Villager (Male) |
| 16:07 | Construir | Farm |
| 16:28 | Encolar | Villager (Male) |
| 16:31 | Construir | Blacksmith |
| 16:44 | Encolar | Archer |
| 16:51 | Encolar | Villager (Male) |
| 17:10 | Encolar | Archer |
| 17:15 | Encolar | Villager (Male) |
| 17:29 | Encolar | Villager (Male) |
| 17:32 | Construir | House |
| 17:34 | Construir | House |
| 17:37 | Encolar | Archer |
| 17:43 | Investigar | Fletching |
| 17:53 | Construir | House |
| 17:54 | Construir | House |
| 18:02 | Encolar | Villager (Male) |
| 18:20 | Encolar | Archer |
| 18:23 | Encolar | Villager (Male) |
| 18:47 | Construir | Watch Tower |
| 18:48 | Encolar | Archer |
| 18:56 | Encolar | Villager (Male) |
| 18:57 | Encolar | Villager (Male) |
| 19:15 | Encolar | Villager (Male) |
| 19:19 | Investigar | Double-Bit Axe |
| 19:20 | Encolar | Villager (Male) |
| 19:41 | Construir | Watch Tower |
| 19:46 | Encolar | Archer |
| 19:47 | Encolar | Villager (Male) |
| 19:50 | Construir | House |
| 19:52 | Encolar | Villager (Male) |
| 20:22 | Encolar | Villager (Male) |
| 20:24 | Investigar | Horse Collar |
| 20:49 | Encolar | Archer |
| 21:09 | Encolar | Villager (Male) |
| 21:14 | Construir | Barracks |
| 21:14 | Encolar | Villager (Male) |
| 21:19 | Encolar | Villager (Male) |
| 21:39 | Encolar | Villager (Male) |
| 21:42 | Construir | Market |
| 22:18 | Construir | House |
| 22:27 | Construir | House |
| 22:50 | Construir | Watch Tower |
| 22:56 | Encolar | Villager (Male) |
| 23:11 | Encolar | Villager (Male) |
| 23:12 | Construir | Farm |
| 23:14 | Construir | Farm |
| 23:26 | Encolar | Villager (Male) |
| 24:21 | Investigar | Castle Age |
| 24:48 | Encolar | Spearman |
| 24:48 | Encolar | Spearman |
| 24:53 | Construir | Stone Wall |
| 24:58 | Construir | Stone Wall |
| 25:04 | Investigar | Stone Mining |
| 25:20 | Construir | Stone Wall |
| 25:21 | Encolar | Villager (Male) |
| 25:30 | Encolar | Villager (Male) |
| 25:31 | Encolar | Villager (Male) |
| 25:33 | Construir | Lumber Camp |
| 25:51 | Construir | Watch Tower |
| 26:13 | Construir | Watch Tower |
| 26:16 | Investigar | Forging |
| 26:17 | Encolar | Villager (Male) |
| 26:22 | Encolar | Archer |
| 26:22 | Encolar | Archer |
| 26:28 | Construir | Stone Wall |
| 26:31 | Construir | Stone Wall |
| 26:33 | Construir | Stone Wall |
| 26:50 | Encolar | Spearman |
| 26:51 | Encolar | Spearman |
| 27:01 | Edad | Edad de los Castillos |
| 27:01 | Encolar | Spearman |
| 27:01 | Encolar | Spearman |
| 27:15 | Construir | University |
| 27:18 | Investigar | Bodkin Arrow |
| 27:18 | Encolar | Villager (Male) |
| 27:18 | Encolar | Villager (Male) |
| 27:26 | Construir | Stone Wall |
Build order — freddy7380
Primeras 150 de 649 acciones detectadas
| 0:00 | Encolar | Villager (Male) |
| 0:01 | Encolar | Villager (Male) |
| 0:01 | Encolar | Villager (Male) |
| 0:02 | Construir | House |
| 0:03 | Construir | House |
| 0:04 | Encolar | Villager (Male) |
| 1:22 | Encolar | Villager (Male) |
| 1:23 | Encolar | Villager (Male) |
| 1:43 | Construir | Lumber Camp |
| 2:03 | Encolar | Villager (Male) |
| 2:03 | Encolar | Villager (Male) |
| 2:34 | Encolar | Villager (Male) |
| 2:34 | Encolar | Villager (Male) |
| 2:40 | Encolar | Villager (Male) |
| 3:24 | Encolar | Villager (Male) |
| 3:44 | Construir | House |
| 3:45 | Encolar | Villager (Male) |
| 3:46 | Encolar | Villager (Male) |
| 4:16 | Encolar | Villager (Male) |
| 4:34 | Encolar | Villager (Male) |
| 4:49 | Encolar | Villager (Male) |
| 5:34 | Investigar | Loom |
| 6:03 | Investigar | Feudal Age |
| 6:03 | Investigar | Feudal Age |
| 6:35 | Construir | Mill |
| 7:02 | Encolar | Villager (Male) |
| 7:06 | Construir | House |
| 8:13 | Edad | Edad Feudal |
| 8:23 | Construir | Stable |
| 8:25 | Investigar | Double-Bit Axe |
| 8:36 | Encolar | Villager (Male) |
| 8:59 | Encolar | Villager (Male) |
| 9:03 | Construir | Farm |
| 9:08 | Encolar | Scout Cavalry |
| 9:17 | Encolar | Scout Cavalry |
| 9:25 | Construir | House |
| 9:30 | Encolar | Villager (Male) |
| 9:36 | Construir | Farm |
| 9:39 | Construir | Farm |
| 10:33 | Encolar | Villager (Male) |
| 10:38 | Encolar | Villager (Male) |
| 10:41 | Encolar | Villager (Male) |
| 10:42 | Encolar | Villager (Male) |
| 10:45 | Encolar | Villager (Male) |
| 10:49 | Encolar | Villager (Male) |
| 11:17 | Encolar | Villager (Male) |
| 11:47 | Construir | Mining Camp |
| 11:54 | Encolar | Villager (Male) |
| 12:09 | Construir | House |
| 12:13 | Construir | House |
| 12:18 | Construir | Palisade Wall |
| 12:20 | Construir | Palisade Wall |
| 12:22 | Encolar | Villager (Male) |
| 12:58 | Construir | Farm |
| 12:59 | Encolar | Villager (Male) |
| 13:18 | Construir | Palisade Wall |
| 13:20 | Construir | Palisade Wall |
| 13:21 | Construir | Palisade Wall |
| 13:22 | Construir | Palisade Wall |
| 13:23 | Construir | Palisade Wall |
| 13:26 | Construir | Palisade Wall |
| 13:28 | Construir | Palisade Wall |
| 13:30 | Encolar | Villager (Male) |
| 13:39 | Encolar | Scout Cavalry |
| 13:53 | Construir | Farm |
| 13:56 | Construir | Farm |
| 14:01 | Construir | Farm |
| 14:21 | Encolar | Villager (Male) |
| 14:51 | Encolar | Villager (Male) |
| 14:55 | Construir | Market |
| 15:03 | Encolar | Scout Cavalry |
| 15:04 | Encolar | Scout Cavalry |
| 15:09 | Construir | Farm |
| 15:11 | Construir | Farm |
| 15:12 | Encolar | Villager (Male) |
| 15:28 | Construir | Farm |
| 15:43 | Encolar | Villager (Male) |
| 15:45 | Construir | House |
| 15:46 | Construir | House |
| 15:58 | Construir | Farm |
| 16:13 | Encolar | Villager (Male) |
| 16:17 | Construir | Archery Range |
| 16:27 | Encolar | Scout Cavalry |
| 16:39 | Construir | House |
| 16:40 | Encolar | Villager (Male) |
| 17:03 | Encolar | Villager (Male) |
| 17:05 | Construir | Lumber Camp |
| 17:19 | Encolar | Scout Cavalry |
| 17:34 | Encolar | Villager (Male) |
| 17:38 | Construir | Farm |
| 18:02 | Encolar | Villager (Male) |
| 18:18 | Construir | Farm |
| 18:20 | Construir | Farm |
| 18:24 | Construir | Blacksmith |
| 18:29 | Encolar | Villager (Male) |
| 18:32 | Construir | Farm |
| 18:35 | Construir | Farm |
| 18:43 | Encolar | Skirmisher |
| 18:43 | Encolar | Skirmisher |
| 18:57 | Construir | Watch Tower |
| 19:37 | Construir | Farm |
| 19:37 | Investigar | Castle Age |
| 20:01 | Construir | Watch Tower |
| 20:21 | Encolar | Skirmisher |
| 20:21 | Encolar | Skirmisher |
| 20:46 | Investigar | Fletching |
| 22:17 | Edad | Edad de los Castillos |
| 22:31 | Investigar | Bodkin Arrow |
| 22:31 | Encolar | Villager (Male) |
| 22:43 | Construir | Town Center |
| 22:45 | Encolar | Battle Elephant |
| 22:51 | Construir | Mining Camp |
| 22:58 | Encolar | Villager (Male) |
| 23:16 | Encolar | Villager (Male) |
| 23:23 | Construir | Farm |
| 23:25 | Construir | Farm |
| 23:26 | Construir | Farm |
| 23:28 | Construir | Farm |
| 23:28 | Investigar | Horse Collar |
| 23:49 | Encolar | Villager (Male) |
| 23:54 | Construir | Monastery |
| 24:09 | Encolar | Battle Elephant |
| 24:20 | Construir | Lumber Camp |
| 24:23 | Construir | Farm |
| 24:29 | Construir | Farm |
| 24:43 | Investigar | Scale Barding Armor |
| 24:43 | Investigar | Scale Barding Armor |
| 24:43 | Investigar | Scale Barding Armor |
| 24:50 | Encolar | Monk |
| 25:04 | Encolar | Villager (Male) |
| 25:06 | Construir | Siege Workshop |
| 25:07 | Encolar | Villager (Male) |
| 25:23 | Encolar | Villager (Male) |
| 25:42 | Construir | Farm |
| 25:44 | Encolar | Mangonel |
| 25:45 | Encolar | Villager (Male) |
| 25:54 | Encolar | Battle Elephant |
| 26:10 | Encolar | Villager (Male) |
| 26:19 | Encolar | Battering Ram |
| 26:35 | Encolar | Villager (Male) |
| 26:37 | Encolar | Villager (Male) |
| 26:41 | Encolar | Villager (Male) |
| 26:47 | Encolar | Villager (Male) |
| 26:49 | Encolar | Villager (Male) |
| 26:52 | Encolar | Villager (Male) |
| 27:02 | Encolar | Villager (Male) |
| 27:06 | Encolar | Villager (Male) |
| 27:14 | Encolar | Villager (Male) |
| 27:27 | Construir | Town Center |
| 27:27 | Encolar | Villager (Male) |
Cronología de la partida
| 8:13 | freddy7380 · age_up feudal |
| 8:23 | freddy7380 · first_building Stable |
| 8:33 | moneymickey · first_building Barracks |
| 9:29 | moneymickey · age_up feudal |
| 10:03 | moneymickey · wall_segment Stone Wall x1 |
| 10:04 | moneymickey · wall_segment Stone Wall x1 |
| 10:34 | moneymickey · wall_segment Stone Wall x1 |
| 12:18 | freddy7380 · wall_segment Palisade Wall x1 |
| 12:20 | freddy7380 · wall_segment Palisade Wall x1 |
| 13:18 | freddy7380 · wall_segment Palisade Wall x3 |
| 13:20 | freddy7380 · wall_segment Palisade Wall x1 |
| 13:21 | freddy7380 · wall_segment Palisade Wall x1 |
| 13:22 | freddy7380 · wall_segment Palisade Wall x1 |
| 13:23 | freddy7380 · wall_segment Palisade Wall x1 |
| 13:26 | freddy7380 · wall_segment Palisade Wall x5 |
| 13:28 | freddy7380 · wall_segment Palisade Wall x1 |
| 14:14 | moneymickey · first_building Archery Range |
| 14:24 | moneymickey · wall_segment Palisade Wall x1 |
| 14:26 | moneymickey · wall_segment Palisade Wall x1 |
| 14:28 | moneymickey · wall_segment Palisade Wall x1 |
| 14:30 | moneymickey · wall_segment Palisade Wall x1 |
| 16:02 | moneymickey · wall_segment Palisade Wall x1 |
| 16:14 | freddy7380 · first_market_buy 100 wood |
| 16:17 | freddy7380 · first_building Archery Range |
| 19:51 | freddy7380 · first_market_sell 100 wood |
| 22:17 | freddy7380 · age_up castle |
| 22:53 | moneymickey · first_market_sell 100 stone |
| 22:55 | moneymickey · first_market_buy 100 food |
| 23:54 | freddy7380 · first_building Monastery |
| 24:53 | moneymickey · wall_segment Stone Wall x1 |
| 24:58 | moneymickey · wall_segment Stone Wall x1 |
| 25:06 | freddy7380 · first_building Siege Workshop |
| 25:20 | moneymickey · wall_segment Stone Wall x1 |
| 26:28 | moneymickey · wall_segment Stone Wall x1 |
| 26:31 | moneymickey · wall_segment Stone Wall x1 |
| 26:33 | moneymickey · wall_segment Stone Wall x1 |
| 27:01 | moneymickey · age_up castle |
| 27:26 | moneymickey · wall_segment Stone Wall x1 |
| 27:28 | moneymickey · wall_segment Stone Wall x1 |
| 28:31 | moneymickey · first_building Stable |
| 30:14 | moneymickey · first_building Monastery |
| 30:25 | freddy7380 · first_building Barracks |
| 31:33 | moneymickey · first_building Siege Workshop |
| 33:39 | freddy7380 · first_building Castle |
| 40:42 | freddy7380 · age_up imperial |
| 42:28 | moneymickey · wall_segment Stone Wall x1 |
| 42:41 | moneymickey · age_up imperial |
| 42:55 | moneymickey · first_building Castle |
| 48:54 | moneymickey · wall_segment Stone Wall x1 |
| 51:59 | moneymickey · wall_segment Stone Wall x17 |
| 53:54 | freddy7380 · wall_segment Stone Wall x14 |
| 57:36 | moneymickey · wall_segment Stone Wall x20 |
| 62:13 | moneymickey · wall_segment Stone Wall x1 |
| 67:56 | moneymickey · resign |
[ ANÁLISIS IA · 1 CRÉDITO ]
¿Qué pasó realmente en esta partida?
Wolo.gg analiza cada decisión: build order, eco, micro, errores típicos por bracket. Análisis personalizado por WhatsApp o Discord en 30 segundos.
Guía civ
Teutones
Perfil
Jugador #488095